 Dungeon Crawl Stone Soup version 0.17-a0-1582-ge6b0260 (webtiles) character file.

290 patman the Slasher (level 6, -15/41 HPs)
             Began as a Halfling Fighter on July 27, 2015.
             Demolished by an ogre
             ... wielding a +0 giant club
              (19 damage)
             ... on level 4 of the Dungeon.
             The game lasted 00:07:54 (2848 turns).

patman the Slasher (Halfling Fighter)               Turns: 2848, Time: 00:07:55

Health: -15/41     AC: 11    Str: 16    XL:     6   Next: 58%
Magic:  6/6        EV:  4    Int:  7    God:
Gold:   250        SH:  9    Dex: 16    Spells: 0 memorised, 5 levels left

rFire  . . .     SeeInvis .     a - +0 long sword
rCold  . . .     Clarity  .     w - +0 plate armour
rNeg   . . .     SustAt   +     c - +0 shield
rPois  .         Gourm    .     (no helmet)
rElec  .         Spirit   .     (no cloak)
rCorr  .         Warding  .     (no gloves)
rMut   .         Stasis   .     (no boots)
MR     .....                    (no amulet)
Stlth  ..........               r - ring of sustain attributes
                                k - ring of flight

@: very slightly contaminated, invisible, not resistant to hostile enchantments,
extremely unstealthy
A: mutation resistance 1
a: Evoke Flight


You were on level 4 of the Dungeon.
You were not hungry.

You visited 1 branch of the dungeon, and saw 4 of its levels.

You collected 250 gold pieces.

Inventory:

Hand weapons
 a - a +0 long sword (weapon)
Armour
 b - a +0 scale mail
 c - a +0 shield (worn)
 w - a +0 plate armour (worn)
Jewellery
 k - a ring of flight (left hand)
 r - a ring of sustain attributes (right hand)
 v - an uncursed amulet of stasis
Scrolls
 g - 2 scrolls of teleportation {unknown}
 h - 3 scrolls of immolation {unknown}
 i - a scroll of amnesia {unknown}
 j - a scroll of enchant weapon {unknown}
 n - 3 scrolls of identify
Potions
 d - 3 potions of might
 m - 2 potions of invisibility
 o - a potion of poison {unknown}
 q - a potion of mutation {unknown}
 s - a potion of brilliance {unknown}
 t - 2 potions of curing {unknown}
 u - a potion of haste {unknown}
 x - a potion of lignification {unknown}
Comestibles
 e - 3 bread rations
 f - 4 beef jerkies
 l - 3 fruits
 p - a meat ration


   Skills:
 - Level 2.6 Fighting
 + Level 6.4 Long Blades
 - Level 3.2 Armour
 - Level 3.2 Shields


You had 5 spell levels left.
You didn't know any spells.

Dungeon Overview and Level Annotations

Branches:
Dungeon (4/15)
 Temple: D:4-7

Altars:
Elyvilon
Kikubaaqudgha
Makhleb
Ru
Xom
The Shining One


Innate Abilities, Weirdness & Mutations

You are small and have problems with some larger weapons.
You are somewhat resistant to further mutation.


Message History

A goblin comes into view.
You block the goblin's attack.
There is a stone staircase leading up here.
There is a stone staircase leading up here.
There is a stone staircase leading up here.
Drink which item? (? for menu, Esc to quit)
You fade into invisibility!
The ogre hits you with a giant club.
You are very lightly contaminated with residual magic.
Unknown command.
Your shield and plate armour prevent you from hitting the ogre.
The ogre hits you with a giant club!!
* * * LOW HITPOINT WARNING * * *
The hobgoblin hits you but does no damage.
Your plate armour prevents you from hitting the ogre.
The ogre barely misses you.
The hobgoblin hits you but does no damage.
You closely miss the ogre. The hobgoblin completely misses you.
The ogre hits you with a giant club!!
You die...

#.8.#.#.#.#.8####
#..........._#..#
#...........8#..#####
##8.#.#.#.#.##....#%.
##.#_#.#.#.##...##.#
############....#.# #######.#.#
#.#...#.#
......#.#.#####.#g..#.###########
#####.#.#.....>.@Og..............
....#.#.######..#####.###########
###.#.#.#.####..g...#.# #
..#.#.#.#......####.#g###########
#.#.#.#.#.####....g.......[......
#.#.#........#.####.#.###########
#.#.#.....##.#......#.# #.......
#.........<#.########.# #.######
###.#.#...............# #.#


You could see an ogre, a hobgoblin and a goblin.

Vanquished Creatures
  The ghost of patman the Bolt Thrower, an average VSWn (D:4)
  2 hounds
  3 adders
  A worm (D:3)
  2 giant geckos (D:2)
  2 orcs (D:3)
  3 ball pythons
  A bat skeleton (D:4)
  A giant cockroach (D:1)
  8 goblins
  7 hobgoblins
  3 jackals (D:1)
  A ball python skeleton (D:4)
  10 bats
  A giant newt (D:2)
  3 kobolds (D:1)
  9 rats
58 creatures vanquished.

Notes
Turn   | Place    | Note
--------------------------------------------------------------
     0 | D:1      | patman the Halfling Fighter began the quest for the Orb.
     0 | D:1      | Reached XP level 1. HP: 15/15 MP: 1/1
   123 | D:1      | Reached XP level 2. HP: 14/20 MP: 2/2
   735 | D:1      | Reached XP level 3. HP: 22/25 MP: 3/3
  1298 | D:2      | Reached XP level 4. HP: 30/30 MP: 4/4
  1314 | D:2      | Found a shimmering altar of Xom.
  1382 | D:2      | Reached skill level 4 in Long Blades
  1630 | D:3      | Found a burning altar of Makhleb.
  2010 | D:3      | Reached XP level 5. HP: 33/35 MP: 5/5
  2167 | D:3      | Found a glowing golden altar of the Shining One.
  2274 | D:4      | Reached skill level 5 in Long Blades
  2281 | D:4      | Found an ancient bone altar of Kikubaaqudgha.
  2296 | D:4      | Noticed patman's ghost (average VSWn)
  2297 | D:4      | Found a white marble altar of Elyvilon.
  2319 | D:4      | Killed patman's ghost
  2319 | D:4      | Reached skill level 6 in Long Blades
  2319 | D:4      | Reached XP level 6. HP: 18/41 MP: 6/6
  2333 | D:4      | Found a sacrificial altar of Ru.
  2530 | D:4      | Noticed an ogre
  2848 | D:4      | Demolished by an ogre

Vault maps used:
D:1:      lightli_arrival_windingriver
D:2:      lemuel_crystal_altar
D:3:      lemuel_upstairs_altar, makhleb_heckhound_becter
D:4:      minitemple, uniq_eustachio, uniq_grinder

Action                   |  1- 3 |  4- 6 || total
-------------------------+-------+-------++-------
Melee: Long sword        |   127 |   103 ||   230
  Use: Potion            |       |     2 ||     2
       Scroll            |       |     1 ||     1
  Eat: Chunk             |     1 |     2 ||     3
       Pizza             |       |     1 ||     1
       Meat ration       |       |     1 ||     1
